cohdb
Replays
Latest Replays
All Replays
Popular Replays
Top Player Replays
Match Explorer
How It Works
Community
CoH3 Stats
Reddit
Sign in to upload your games and track your stats! →
Sign in with Steam
Match 25266892
Unlisted
Match 25266892
Overview
Messages
Build Orders
End
Construct Infanterie Kompanie
MG 42 Machine Gun Team
Grenadier Squad
Grenadier Squad
GrW 34 Mortar Team
Grenadier Squad
Selects Mechanized Battlegroup
Selects Raid Package
Construct Luftwaffe Kompanie
Selects 8 Rad Armored Car
8 Rad Armored Car
Skitsokiwi
BitofaLiability
L320Y
Pie-Eater
rafyouni
TidaL
jupitertitanfalll
SΛMĪ ✯
0
0
Comments
sign in to comment!
No comments posted yet!